 Dungeon Crawl Stone Soup version 0.21-a0-349-g0c35859 (webtiles) character file.

9013 tidbits the Infuser (level 11, -5/85 HPs)
             Began as a Gnoll Skald on Oct 8, 2017.
             Was an Elder of Makhleb.
             Killed by divine providence
             ... invoked by an orc priest
              (11 damage)
             ... on level 10 of the Dungeon.
             The game lasted 00:27:23 (3365 turns).

tidbits the Infuser (Gnoll Skald)                   Turns: 3365, Time: 00:27:24

Health: -5/85      AC: 20    Str: 14    XL:     11   Next: 39%
Magic:  31/33      EV: 13    Int: 23    God:    Makhleb [****..]
Gold:   463        SH:  0    Dex: 15    Spells: 11/26 levels left

rFire    . . .     SeeInvis .   j - +7 dire flail (protect)
rCold    . . .     Gourm    .   (shield currently unavailable)
rNeg     . . .     Faith    .   B - +0 scale mail {MR+}
rPois    .         Spirit   .   E - +3 hat of Pondering {ponderous, MR+ MP+10 Int+5}
rElec    .         Reflect  .   C - +0 cloak
rCorr    .         Harm     .   G - +0 pair of gloves
MR       ++...                  (no boots)
Stlth    ++........             (no amulet)
HPRegen  1.24/turn              (no ring)
MPRegen  0.23/turn              (no ring)

@: protection aura, regenerating, slow
A: distributed training, fangs 1, strong nose
a: Minor Destruction, Lesser Servant of Makhleb, Major Destruction, Renounce
Religion


You were on level 10 of the Dungeon.
You worshipped Makhleb.
Makhleb was greatly pleased with you.
You were not hungry.

You visited 1 branch of the dungeon, and saw 11 of its levels.
You also visited: Ossuary.

You collected 463 gold pieces.

Inventory:

Hand Weapons
 a - a +0 war axe
 f - a +1 flail of holy wrath
   (You took it off an orc warrior on level 10 of the Dungeon)
 j - a +7 dire flail of protection (weapon)
   (You took it off Edmund on level 5 of the Dungeon)
 l - a +1 short sword of speed
   (You found it on level 3 of the Dungeon)
 o - a cursed -1 trident
 K - a +0 dagger of electrocution
   (You took it off an orc wizard on level 6 of the Dungeon)
 W - a +0 shortbow
Missiles
 v - 111 arrows
Armour
 b - a +2 robe of magic resistance
   (You took it off Pikel on level 6 of the Dungeon)
 i - a +0 large shield
 x - a cursed -2 plate armour
 B - a +0 scale mail of magic resistance (worn)
   (You found it on level 4 of the Dungeon)
 C - a +0 cloak (worn)
 E - the +3 hat of Pondering (worn) {ponderous, MR+ MP+10 Int+5}
   (You took it off Gastronok on level 8 of the Dungeon)

   It affects your intelligence (+5).
   It affects your resistance to hostile enchantments.
   It affects your magic capacity (+10).
 G - a +0 pair of gloves (worn)
 Q - a cursed -1 leather armour
Wands
 e - a wand of acid (0/15)
 n - a wand of enslavement (14/24)
 I - a wand of flame (17/48)
 Z - a wand of confusion (17/48)
Scrolls
 k - 2 scrolls of fear
 m - 3 scrolls of recharging {unknown}
 p - 2 scrolls of fog {unknown}
 r - 3 scrolls of teleportation
 w - a scroll of enchant armour {unknown}
 y - a scroll of blinking {unknown}
 H - 2 scrolls of enchant weapon {unknown}
 L - 2 scrolls of immolation {unknown}
 M - 4 scrolls of magic mapping
 N - 2 scrolls of vulnerability {unknown}
 V - 4 scrolls of amnesia {unknown}
Potions
 q - 2 potions of mutation {unknown}
 s - 4 potions of heal wounds
 t - a potion of haste
 u - 2 potions of cancellation
 z - a potion of degeneration {unknown}
 A - 2 potions of ambrosia {unknown}
 D - a potion of brilliance {unknown}
 J - 3 potions of agility
 O - 4 potions of curing
 S - a potion of resistance {unknown}
 T - a potion of berserk rage {unknown}
 Y - a potion of might {unknown}
Books
 c - a book of Battle

   Spells                             Type                      Level
   a - Infusion                       Charms                       1
   b - Shroud of Golubria             Charms/Translocation         2
   c - Song of Slaying                Charms                       2
   d - Spectral Weapon                Hexes/Charms                 3
   e - Regeneration                   Charms/Necromancy            3
 F - a book of Changes
   (You found it on level 5 of the Dungeon)

   Spells                             Type                      Level
   a - Beastly Appendage              Transmutation                1
   b - Sticks to Snakes               Transmutation                2
   c - Spider Form                    Transmutation/Poison         3
   d - Ice Form                       Ice/Transmutation            4
   e - Blade Hands                    Transmutation                5
 P - a book of Burglary
   (You found it in an ossuary)

   Spells                             Type                      Level
   a - Swiftness                      Charms/Air                   2
   b - Passwall                       Transmutation/Earth          2
   c - Passage of Golubria            Translocation                4
   d - Lee's Rapid Deconstruction     Earth                        5
   e - Darkness                       Hexes                        6
   f - Invisibility                   Hexes                        6
 U - a book of Callings
   (You found it on level 3 of the Dungeon)

   Spells                             Type                      Level
   a - Summon Small Mammal            Summoning                    1
   b - Call Imp                       Summoning                    2
   c - Call Canine Familiar           Summoning                    3
   d - Summon Guardian Golem          Hexes/Summoning              3
   e - Summon Lightning Spire         Summoning/Air                4
   f - Summon Ice Beast               Ice/Summoning                4
Comestibles
 d - 4 bread rations
 g - 4 royal jellies
 h - 10 meat rations


   Skills:
 + Level 7.7 Fighting
 + Level 6.1 Short Blades
 + Level 6.1 Long Blades
 + Level 7.7 Axes
 + Level 6.1 Maces & Flails
 + Level 6.1 Polearms
 + Level 6.1 Staves
 + Level 6.1 Slings
 + Level 6.1 Bows
 + Level 6.1 Crossbows
 + Level 6.1 Throwing
 + Level 6.7 Armour
 + Level 7.7 Dodging
 + Level 6.1 Stealth
 + Level 6.1 Shields
 + Level 6.1 Unarmed Combat
 + Level 8.0 Spellcasting
 + Level 6.1 Conjurations
 + Level 6.1 Hexes
 + Level 9.1 Charms
 + Level 6.1 Summonings
 + Level 6.1 Necromancy
 + Level 6.1 Translocations
 + Level 6.1 Transmutations
 + Level 6.1 Fire Magic
 + Level 6.1 Ice Magic
 + Level 6.1 Air Magic
 + Level 6.1 Earth Magic
 + Level 6.1 Poison Magic
 + Level 6.1 Invocations
 + Level 6.1 Evocations


You had 11 spell levels left.
You knew the following spells:

 Your Spells              Type           Power        Failure   Level  Hunger
g - Shroud of Golubria    Chrm/Tloc      #####.....   1%          2    None
i - Infusion              Chrm           ####         1%          1    None
k - Sticks to Snakes      Tmut           #####...     3%          2    None
r - Regeneration          Chrm/Necr      #####.....   3%          3    None
t - Passwall              Tmut/Erth      #####.....   3%          2    None
w - Spectral Weapon       Hex/Chrm       #####...     3%          3    None
y - Song of Slaying       Chrm           ######..     1%          2    None


Dungeon Overview and Level Annotations

Branches:
Dungeon (11/15)              Lair (0/6) D:10            Orc (0/2) D:10
 Temple: D:4-7

Altars:
Makhleb
Ru
Uskayaw
Xom
Beogh


Innate Abilities, Weirdness & Mutations

Your experience applies equally to all skills.
You have very sharp teeth.
Your uncanny sense of smell can sniff out nearby items.


Message History

Found a roughly hewn altar of Beogh.
Found a staircase to the Orcish Mines.
An orc and an orc warrior come into view.
Casting: Passwall
Confirm with . or Enter, or press ? or * to list all spells.
You draw out your weapon's spirit!
The yak bellows!
The orc priest shouts!
The orc misses you. 2 orcs come into view.
You puncture the orc!
Your weapon exudes an aura of protection.
You kill the orc!
Makhleb accepts your kill. The orc barely misses you.
An orc and an orc warrior come into view.
You sock the orc!
You kill the orc!
Makhleb accepts your kill.
The orc closely misses your spectral weapon. 2 orcs come into view.
You puncture the orc!
You kill the orc!
Makhleb accepts your kill.
An orc comes into view.
You sock the orc!
You kill the orc!
Makhleb accepts your kill.
An orc comes into view.
You hit the orc.
You kill the orc!
Makhleb accepts your kill.
An orc comes into view.
It is wielding a club. 2 orcs come into view.
The orc shouts!
The orc priest invokes the aid of Beogh against you.
Beogh smites you! The orc warrior barely misses you.
An orc comes into view. It is wielding a flail.
Items here: )))) [[ † You hit the orc.
The orc is heavily wounded.
Your spectral weapon closely misses the orc.
The orc warrior hits you but does no damage.
The orc barely misses you.
You hit the orc.
The orc is severely wounded.
Your spectral weapon hits the orc!!
You kill the orc!
Makhleb accepts your kill.
The orc warrior hits you from afar with a trident!
The orc priest calls down the wrath of Beogh upon you.
Beogh smites you! The orc warrior closely misses you.
Things that are here:
a club; a leather armour You hit the orc warrior.
The orc warrior is moderately wounded.
The orc priest casts a cantrip, but nothing happens.
You hit the orc warrior.
The orc warrior is moderately wounded.
Your spectral weapon hits the orc warrior.
The orc warrior hits your spectral weapon with a trident!
Your spectral weapon shares its damage with you!
You barely miss the orc warrior.
The orc warrior is heavily wounded.
Your spectral weapon hits the orc warrior!
You kill the orc warrior!
Makhleb accepts your kill.
Casting: Spectral Weapon
Confirm with . or Enter, or press ? or * to list all spells.
Your skin crawls.
The yak misses you.
The orc priest invokes the aid of Beogh against you.
Beogh smites you!
* * * LOW HITPOINT WARNING * * *
You sock the yak!
The yak is moderately wounded.
Your spectral weapon hits the yak!!
The yak barely misses you.
You hit the yak but do no damage.
The yak is almost dead.
Your spectral weapon hits the yak!
You kill the yak!
Makhleb accepts your kill.
The orc priest calls down the wrath of Beogh upon you.
Beogh smites you!
* * * LOW HITPOINT WARNING * * *
The orc priest mumbles some strange prayers to Beogh against you.
Beogh smites you!
* * * LOW HITPOINT WARNING * * *
An orc comes into view.
You impale the orc!!
You kill the orc!
Makhleb accepts your kill.
You feel better.
The orc priest calls down the wrath of Beogh upon you.
Beogh smites you!
* * * LOW HITPOINT WARNING * * *
As you read the scroll labeled OLECWO VISIA, it crumbles to dust.
You feel aware of your surroundings.
It was a scroll of magic mapping.
The orc warrior closely misses your spectral weapon.
The orc warrior misses you.
The orc priest calls down the wrath of Beogh upon you.
Beogh smites you!
You die...

**************###################
,,,,,,,,,,,,,,,..................
,,,,,,,,,,,,,,*#.................
,,,*******,,<,*#.................
,,,* *,,,,*#.....#*##........
,,,* #,,,,*#.....# #........
,,,******#..,,##..)..# #........
,,,,,,,,,.....#......####.#'#####
**,,,,,,,......(@)........#......
,*,,**8'8#####8o8##########......
,****,,,,,.8oooooo#..............
,,,,*,,,,...ooooo.#..............
,,,,*,,,⌠.._.o⌠o..#..............
,**,*,,,,.........#..............
....*,,,,..>......#..............
...#*****############....##......
P..#########.......##..).########


You could see an orc warrior, 2 orc priests, 11 orcs and a friendly spectral
dire flail of protection.

Vanquished Creatures
  Gastronok (D:8)
  2 two-headed ogres
  Pikel (D:6)
  Maurice (D:8)
  The ghost of Rhok the Fighter, a novice GnWn (D:4)
  A troll (D:9)
  2 yaks (D:10)
  A hungry ghost (D:9)
  Edmund (D:5)
  3 porcupines (D:10)
  5 orc warriors
  A black bear (D:9)
  2 ice beasts (D:5)
  2 phantoms (D:6)
  2 sky beasts
  2 slaves (D:6)
  4 centaurs
  3 ogres
  2 crocodiles
  An elf zombie (Ossuary)
  A big kobold (D:7)
  5 bullfrogs
  Blork the orc (D:5)
  A wyvern skeleton (D:4)
  4 scorpions
  6 killer bees (D:7)
  A howler monkey (D:8)
  A centaur zombie (D:8)
  4 crimson imps
  2 human zombies (Ossuary)
  4 hounds
  6 orc priests
  7 orc wizards
  2 iguanas
  5 worker ants
  Ijyb (D:4)
  A bullfrog skeleton (D:11)
  A hound zombie (Ossuary)
  4 mummies (Ossuary)
  10 adders
  2 shadow imps
  An adder skeleton (D:10)
  2 adder zombies (Ossuary)
  A dart slug (D:1)
  4 leopard geckos
  34 orcs
  5 bats
  2 giant cockroaches
  4 goblins
  6 hobgoblins
  15 jackals
  10 kobolds
  3 quokkas
  A ball python (D:6)
  6 frilled lizards
  A goblin zombie (Ossuary)
  A hobgoblin zombie (Ossuary)
  2 jackal zombies (Ossuary)
  2 orc zombies (Ossuary)
  3 rats
210 creatures vanquished.

Vanquished Creatures (others)
  A slave (D:6)
  6 fungi (D:10)
  A plant (D:10)
  A spectral weapon (D:8)
9 creatures vanquished.

Grand Total: 219 creatures vanquished

Notes
Turn   | Place    | Note
-------+----------+-------------------------------------------
     0 | D:1      | tidbits the Gnoll Skald began the quest for the Orb.
     0 | D:1      | Reached XP level 1. HP: 20/20 MP: 6/6
    38 | D:1      | Reached XP level 2. HP: 26/26 MP: 2/7
    72 | D:1      | Learned a level 2 spell: Song of Slaying
    75 | D:1      | Learned a level 2 spell: Shroud of Golubria
   152 | D:1      | Reached XP level 3. HP: 26/31 MP: 0/9
   155 | D:1      | Reached skill level 5 in Spellcasting
   173 | D:1      | Learned a level 3 spell: Regeneration
   177 | D:1      | Learned a level 3 spell: Spectral Weapon
   371 | D:3      | Found a sacrificial altar of Ru.
   409 | D:3      | Reached skill level 1 in Short Blades
   409 | D:3      | Reached skill level 1 in Long Blades
   409 | D:3      | Reached skill level 1 in Maces & Flails
   409 | D:3      | Reached skill level 1 in Polearms
   409 | D:3      | Reached skill level 1 in Staves
   409 | D:3      | Reached skill level 1 in Slings
   409 | D:3      | Reached skill level 1 in Bows
   409 | D:3      | Reached skill level 1 in Crossbows
   409 | D:3      | Reached skill level 1 in Throwing
   409 | D:3      | Reached skill level 1 in Stealth
   409 | D:3      | Reached skill level 1 in Shields
   409 | D:3      | Reached skill level 1 in Unarmed Combat
   409 | D:3      | Reached skill level 1 in Conjurations
   409 | D:3      | Reached skill level 1 in Hexes
   409 | D:3      | Reached skill level 1 in Summonings
   409 | D:3      | Reached skill level 1 in Necromancy
   409 | D:3      | Reached skill level 1 in Translocations
   409 | D:3      | Reached skill level 1 in Transmutations
   409 | D:3      | Reached skill level 1 in Fire Magic
   409 | D:3      | Reached skill level 1 in Ice Magic
   409 | D:3      | Reached skill level 1 in Air Magic
   409 | D:3      | Reached skill level 1 in Earth Magic
   409 | D:3      | Reached skill level 1 in Poison Magic
   409 | D:3      | Reached skill level 1 in Invocations
   409 | D:3      | Reached skill level 1 in Evocations
   432 | D:2      | Reached XP level 4. HP: 38/38 MP: 9/11
   455 | D:2      | Found a burning altar of Makhleb.
   461 | D:2      | Became a worshipper of Makhleb the Destroyer
   578 | D:3      | Reached XP level 5. HP: 41/43 MP: 4/12
   589 | D:4      | Reached skill level 3 in Armour
   812 | D:4      | Reached XP level 6. HP: 47/50 MP: 1/13
   817 | D:4      | Noticed Rhok's ghost (novice GnWn)
   834 | D:4      | Killed Rhok's ghost
   834 | D:4      | Reached skill level 5 in Fighting
   834 | D:4      | Reached skill level 2 in Short Blades
   834 | D:4      | Reached skill level 2 in Long Blades
   834 | D:4      | Reached skill level 5 in Axes
   834 | D:4      | Reached skill level 2 in Maces & Flails
   834 | D:4      | Reached skill level 2 in Polearms
   834 | D:4      | Reached skill level 2 in Staves
   834 | D:4      | Reached skill level 2 in Slings
   834 | D:4      | Reached skill level 2 in Bows
   834 | D:4      | Reached skill level 2 in Crossbows
   834 | D:4      | Reached skill level 2 in Throwing
   834 | D:4      | Reached skill level 5 in Dodging
   834 | D:4      | Reached skill level 2 in Stealth
   834 | D:4      | Reached skill level 2 in Shields
   834 | D:4      | Reached skill level 2 in Unarmed Combat
   834 | D:4      | Reached skill level 2 in Conjurations
   834 | D:4      | Reached skill level 2 in Hexes
   834 | D:4      | Reached skill level 7 in Charms
   834 | D:4      | Reached skill level 2 in Summonings
   834 | D:4      | Reached skill level 2 in Necromancy
   834 | D:4      | Reached skill level 2 in Translocations
   834 | D:4      | Reached skill level 2 in Transmutations
   834 | D:4      | Reached skill level 2 in Fire Magic
   834 | D:4      | Reached skill level 2 in Ice Magic
   834 | D:4      | Reached skill level 2 in Air Magic
   834 | D:4      | Reached skill level 2 in Earth Magic
   834 | D:4      | Reached skill level 2 in Poison Magic
   834 | D:4      | Reached skill level 2 in Invocations
   834 | D:4      | Reached skill level 2 in Evocations
   834 | D:4      | Reached XP level 7. HP: 44/56 MP: 3/15
   938 | D:4      | Reached * piety under Makhleb
  1055 | D:4      | Noticed Ijyb
  1065 | D:4      | Killed Ijyb
  1093 | D:5      | Entered Level 5 of the Dungeon
  1107 | D:5      | Reached XP level 8. HP: 14/63 MP: 7/16
  1206 | D:5      | Reached skill level 3 in Short Blades
  1206 | D:5      | Reached skill level 3 in Long Blades
  1206 | D:5      | Reached skill level 3 in Maces & Flails
  1206 | D:5      | Reached skill level 3 in Polearms
  1206 | D:5      | Reached skill level 3 in Staves
  1206 | D:5      | Reached skill level 3 in Slings
  1206 | D:5      | Reached skill level 3 in Bows
  1206 | D:5      | Reached skill level 3 in Crossbows
  1206 | D:5      | Reached skill level 3 in Throwing
  1206 | D:5      | Reached skill level 4 in Armour
  1206 | D:5      | Reached skill level 3 in Stealth
  1206 | D:5      | Reached skill level 3 in Shields
  1206 | D:5      | Reached skill level 3 in Unarmed Combat
  1206 | D:5      | Reached skill level 3 in Conjurations
  1206 | D:5      | Reached skill level 3 in Hexes
  1206 | D:5      | Reached skill level 3 in Summonings
  1206 | D:5      | Reached skill level 3 in Necromancy
  1206 | D:5      | Reached skill level 3 in Translocations
  1206 | D:5      | Reached skill level 3 in Transmutations
  1206 | D:5      | Reached skill level 3 in Fire Magic
  1206 | D:5      | Reached skill level 3 in Ice Magic
  1206 | D:5      | Reached skill level 3 in Air Magic
  1206 | D:5      | Reached skill level 3 in Earth Magic
  1206 | D:5      | Reached skill level 3 in Poison Magic
  1206 | D:5      | Reached skill level 3 in Invocations
  1206 | D:5      | Reached skill level 3 in Evocations
  1240 | D:5      | Reached skill level 6 in Spellcasting
  1272 | D:5      | Noticed Blork the orc
  1274 | D:5      | Killed Blork the orc
  1367 | D:5      | Noticed Edmund
  1388 | D:5      | HP: 3/64 [Edmund/dire flail of protection (9)]
  1392 | D:5      | Killed Edmund
  1441 | D:5      | Reached ** piety under Makhleb
  1602 | D:6      | Found a shimmering altar of Xom.
  1629 | D:6      | Learned a level 2 spell: Sticks to Snakes
  1672 | D:7      | Reached skill level 6 in Fighting
  1672 | D:7      | Reached skill level 6 in Axes
  1672 | D:7      | Reached skill level 6 in Dodging
  1672 | D:7      | Reached XP level 9. HP: 69/69 MP: 14/18
  1716 | D:7      | Reached skill level 4 in Short Blades
  1716 | D:7      | Reached skill level 4 in Long Blades
  1716 | D:7      | Reached skill level 4 in Maces & Flails
  1716 | D:7      | Reached skill level 4 in Polearms
  1716 | D:7      | Reached skill level 4 in Staves
  1716 | D:7      | Reached skill level 4 in Slings
  1716 | D:7      | Reached skill level 4 in Bows
  1716 | D:7      | Reached skill level 4 in Crossbows
  1716 | D:7      | Reached skill level 4 in Throwing
  1716 | D:7      | Reached skill level 4 in Stealth
  1716 | D:7      | Reached skill level 4 in Shields
  1716 | D:7      | Reached skill level 4 in Unarmed Combat
  1716 | D:7      | Reached skill level 4 in Conjurations
  1716 | D:7      | Reached skill level 4 in Hexes
  1716 | D:7      | Reached skill level 4 in Summonings
  1716 | D:7      | Reached skill level 4 in Necromancy
  1716 | D:7      | Reached skill level 4 in Translocations
  1716 | D:7      | Reached skill level 4 in Transmutations
  1716 | D:7      | Reached skill level 4 in Fire Magic
  1716 | D:7      | Reached skill level 4 in Ice Magic
  1716 | D:7      | Reached skill level 4 in Air Magic
  1716 | D:7      | Reached skill level 4 in Earth Magic
  1716 | D:7      | Reached skill level 4 in Poison Magic
  1716 | D:7      | Reached skill level 4 in Invocations
  1716 | D:7      | Reached skill level 4 in Evocations
  1886 | D:8      | Found a sand-covered staircase.
  1892 | Ossuary  | Entered an ossuary
  1915 | Ossuary  | Reached skill level 5 in Armour
  1964 | Ossuary  | Learned a level 2 spell: Passwall
  2064 | D:8      | Reached *** piety under Makhleb
  2250 | D:8      | Reached skill level 8 in Charms
  2255 | D:8      | Noticed a two-headed ogre
  2262 | D:8      | Killed a two-headed ogre
  2262 | D:8      | Reached skill level 7 in Spellcasting
  2262 | D:8      | Reached XP level 10. HP: 35/77 MP: 16/20
  2273 | D:8      | Noticed Maurice
  2273 | D:8      | Noticed Gastronok
  2362 | D:8      | Killed Maurice
  2477 | D:8      | Killed Gastronok
  2477 | D:8      | Reached skill level 7 in Fighting
  2477 | D:8      | Reached skill level 5 in Short Blades
  2477 | D:8      | Reached skill level 5 in Long Blades
  2477 | D:8      | Reached skill level 7 in Axes
  2477 | D:8      | Reached skill level 5 in Maces & Flails
  2477 | D:8      | Reached skill level 5 in Polearms
  2477 | D:8      | Reached skill level 5 in Staves
  2477 | D:8      | Reached skill level 5 in Slings
  2477 | D:8      | Reached skill level 5 in Bows
  2477 | D:8      | Reached skill level 5 in Crossbows
  2477 | D:8      | Reached skill level 5 in Throwing
  2477 | D:8      | Reached skill level 6 in Armour
  2477 | D:8      | Reached skill level 7 in Dodging
  2477 | D:8      | Reached skill level 5 in Stealth
  2477 | D:8      | Reached skill level 5 in Shields
  2477 | D:8      | Reached skill level 5 in Unarmed Combat
  2477 | D:8      | Reached skill level 5 in Conjurations
  2477 | D:8      | Reached skill level 5 in Hexes
  2477 | D:8      | Reached skill level 5 in Summonings
  2477 | D:8      | Reached skill level 5 in Necromancy
  2477 | D:8      | Reached skill level 5 in Translocations
  2477 | D:8      | Reached skill level 5 in Transmutations
  2477 | D:8      | Reached skill level 5 in Fire Magic
  2477 | D:8      | Reached skill level 5 in Ice Magic
  2477 | D:8      | Reached skill level 5 in Air Magic
  2477 | D:8      | Reached skill level 5 in Earth Magic
  2477 | D:8      | Reached skill level 5 in Poison Magic
  2477 | D:8      | Reached skill level 5 in Invocations
  2477 | D:8      | Reached skill level 5 in Evocations
  2522 | D:6      | Noticed Pikel
  2532 | D:6      | Killed Pikel
  2966 | D:9      | Found a hide-covered altar of Uskayaw.
  3049 | D:9      | Reached XP level 11. HP: 80/84 MP: 22/22
  3067 | D:10     | Entered Level 10 of the Dungeon
  3173 | D:10     | Reached **** piety under Makhleb
  3206 | D:10     | Reached skill level 9 in Charms
  3207 | D:10     | Reached skill level 6 in Short Blades
  3207 | D:10     | Reached skill level 6 in Long Blades
  3207 | D:10     | Reached skill level 6 in Maces & Flails
  3207 | D:10     | Reached skill level 6 in Polearms
  3207 | D:10     | Reached skill level 6 in Staves
  3207 | D:10     | Reached skill level 6 in Slings
  3207 | D:10     | Reached skill level 6 in Bows
  3207 | D:10     | Reached skill level 6 in Crossbows
  3207 | D:10     | Reached skill level 6 in Throwing
  3207 | D:10     | Reached skill level 6 in Stealth
  3207 | D:10     | Reached skill level 6 in Shields
  3207 | D:10     | Reached skill level 6 in Unarmed Combat
  3207 | D:10     | Reached skill level 6 in Conjurations
  3207 | D:10     | Reached skill level 6 in Hexes
  3207 | D:10     | Reached skill level 6 in Summonings
  3207 | D:10     | Reached skill level 6 in Necromancy
  3207 | D:10     | Reached skill level 6 in Translocations
  3207 | D:10     | Reached skill level 6 in Transmutations
  3207 | D:10     | Reached skill level 6 in Fire Magic
  3207 | D:10     | Reached skill level 6 in Ice Magic
  3207 | D:10     | Reached skill level 6 in Air Magic
  3207 | D:10     | Reached skill level 6 in Earth Magic
  3207 | D:10     | Reached skill level 6 in Poison Magic
  3207 | D:10     | Reached skill level 6 in Invocations
  3207 | D:10     | Reached skill level 6 in Evocations
  3226 | D:10     | Found a staircase to the Lair.
  3279 | D:10     | Noticed a two-headed ogre
  3286 | D:10     | Killed a two-headed ogre
  3286 | D:10     | Reached skill level 8 in Spellcasting
  3347 | D:10     | Found a roughly hewn altar of Beogh.
  3347 | D:10     | Found a staircase to the Orcish Mines.
  3364 | D:10     | HP: 4/85 [orc priest/divine providence (12)]
  3365 | D:10     | Killed from afar by an orc priest

Vault maps used:
D:1:      lightli_arrival_boilingwater, minmay_misc_feat_hallway
D:2:      bloody_makhleb, lemuel_doored_altar, uniq_sigmund
D:3:      nicolae_ru_awakened_eye, nicolae_overflow_crystal_walls
D:4:      first_bread, uniq_ijyb
D:5:      serial_shops, nicolae_shop_temple_entry_statues_fountains,
          uniq_edmund, uniq_blork_the_orc, uniq_crazy_yiuf_cottage
D:6:      kennysheep_mini_moat, marbit_many_paths, old_standard_altar,
          nrook_mini_backslash, uniq_pikel
D:7:      minmay_temple_entry_nine_rooms
D:8:      enter_ossuary_5, uniq_maurice, uniq_gastronok, uniq_grum
D:9:      eat_drink_and_be_merry_uskayaw
D:10:     due_lair_maze_entry_diamond, david_orc_5
D:11:     uniq_fannar, uniq_erolcha
Ossuary:  ossuary_minmay_tomb_2a

Skill      XL: |  1  2  3  4  5  6  7  8  9 10 11 |
---------------+----------------------------------+-----
Spellcasting   | 5 6 7 8 |  8.0
Short Blades   | 1 2 3 4 5 6 |  6.1
Long Blades    | 1 2 3 4 5 6 |  6.1
Maces & Flails | 1 2 3 4 5 6 |  6.1
Polearms       | 1 2 3 4 5 6 |  6.1
Staves         | 1 2 3 4 5 6 |  6.1
Slings         | 1 2 3 4 5 6 |  6.1
Bows           | 1 2 3 4 5 6 |  6.1
Crossbows      | 1 2 3 4 5 6 |  6.1
Throwing       | 1 2 3 4 5 6 |  6.1
Stealth        | 1 2 3 4 5 6 |  6.1
Shields        | 1 2 3 4 5 6 |  6.1
Unarmed Combat | 1 2 3 4 5 6 |  6.1
Conjurations   | 1 2 3 4 5 6 |  6.1
Hexes          | 1 2 3 4 5 6 |  6.1
Summonings     | 1 2 3 4 5 6 |  6.1
Necromancy     | 1 2 3 4 5 6 |  6.1
Translocations | 1 2 3 4 5 6 |  6.1
Transmutations | 1 2 3 4 5 6 |  6.1
Fire Magic     | 1 2 3 4 5 6 |  6.1
Ice Magic      | 1 2 3 4 5 6 |  6.1
Air Magic      | 1 2 3 4 5 6 |  6.1
Earth Magic    | 1 2 3 4 5 6 |  6.1
Poison Magic   | 1 2 3 4 5 6 |  6.1
Invocations    | 1 2 3 4 5 6 |  6.1
Evocations     | 1 2 3 4 5 6 |  6.1
Armour         | 3 4 5 6 |  6.7
Fighting       | 5 6 7 |  7.7
Axes           | 5 6 7 |  7.7
Dodging        | 5 6 7 |  7.7
Charms         | 7 8 9 |  9.1

Action                   |  1- 3 |  4- 6 |  7- 9 | 10-12 || total
-------------------------+-------+-------+-------+-------++-------
Melee: Hand axe          |    75 |     8 |       |       ||    83
       Bite              |     5 |     3 |    26 |    16 ||    50
       War axe           |       |    44 |   204 |    12 ||   260
       Punch             |       |       |     3 |     1 ||     4
       Dire flail        |       |       |       |   124 ||   124
 Cast: Infusion          |     4 |       |       |       ||     4
       Spectral Weapon   |     4 |     8 |    28 |    20 ||    60
       Shroud of Golubri |       |     2 |     3 |     2 ||     7
       Regeneration      |       |     3 |    16 |     8 ||    27
       Passwall          |       |       |       |    10 ||    10
       Sticks to Snakes  |       |       |       |     5 ||     5
Evoke: Wand              |       |       |     2 |       ||     2
  Use: Potion            |       |     3 |     6 |       ||     9
       Scroll            |       |       |     5 |     3 ||     8
 Stab: Distracted        |       |       |     1 |       ||     1
       Sleeping          |       |       |       |     2 ||     2
  Eat: Chunk             |       |     1 |     6 |     4 ||    11
       Fruit             |       |       |     2 |     2 ||     4
Armor: Ring mail         |    28 |    13 |     7 |       ||    48
       Skin              |       |     8 |    26 |       ||    34
       Scale mail        |       |       |    54 |    51 ||   105
Dodge: Dodged            |    71 |    32 |   150 |    70 ||   323

Table legend:
 A = Spawn XP
 B = Non-spawn XP
 C = Spawn XP percentage of total XP
 D = Spawn monster count
 E = Non-spawn monster count
 F = Spawn count percentage of total count
 G = Total turns spent on level
                    A         B        C        D         E        F      G
               +---------+---------+-------+---------+---------+-------+---------
         Total |       0 |   12876 |   0.0 |       0 |     208 |   0.0 |  3365
               +---------+---------+-------+---------+---------+-------+---------
           D:1 |       0 |      52 |   0.0 |       0 |      25 |   0.0 |   223
           D:2 |       0 |      22 |   0.0 |       0 |      13 |   0.0 |   357
           D:3 |       0 |     184 |   0.0 |       0 |      12 |   0.0 |   203
           D:4 |       0 |     723 |   0.0 |       0 |      19 |   0.0 |   310
           D:5 |       0 |    1174 |   0.0 |       0 |      23 |   0.0 |   476
           D:6 |       0 |    1316 |   0.0 |       0 |      19 |   0.0 |   385
           D:7 |       0 |     704 |   0.0 |       0 |      17 |   0.0 |   290
           D:8 |       0 |    3909 |   0.0 |       0 |      14 |   0.0 |   387
           D:9 |       0 |    1177 |   0.0 |       0 |      13 |   0.0 |   279
          D:10 |       0 |    3029 |   0.0 |       0 |      31 |   0.0 |   233
          D:11 |       0 |     290 |   0.0 |       0 |       6 |   0.0 |    65
       Ossuary |       0 |     296 |   0.0 |       0 |      16 |   0.0 |   157
               +---------+---------+-------+---------+---------+-------+---------

Table legend:
 A = Turns spent in this place as a percentage of turns spent in the entire game.
 B = Non-inter-level travel turns spent in this place as a percentage of non-inter-level travel turns spent in the entire game.
 C = Inter-level travel turns spent in this place as a percentage of turns spent in this place.
 D = Turns resting spent in this place as a percentage of non-inter-level travel turns spent in this place.
 E = Turns spent auto-exploring this place as a percentage of non-inter-level travel turns spent in this place.
 F = Non-inter-level travel turns spent in this place divided by the number of levels of this place that you've seen.
                   A       B       C       D       E      F
               +-------+-------+-------+-------+-------+----------------------
         Total | 100.0 | 100.0 |   1.0 |   0.0 |   0.0 | 277.8
       Dungeon |  95.3 |  95.3 |   1.0 |   0.0 |   0.0 | 288.7
       Ossuary |   4.7 |   4.7 |   0.0 |   0.0 |   0.0 | 157.0
               +-------+-------+-------+-------+-------+----------------------

Table legend:
 A = Kills in this place as a percentage of kills in entire the game.
 B = Kills by you in this place as a percentage of kills by you in the entire game.
 C = Kills by friends in this place as a percentage of kills by friends in the entire game.
 D = Other kills in this place as a percentage of other kills in the entire game.
 E = Experience gained in this place as a percentage of experience gained in the entire game.
 F = Experience gained in this place divided by the number of levels of this place that you have seen.
                   A       B       C       D       E      F
               +-------+-------+-------+-------+-------+----------------------
         Total | 100.0 | 100.0 |   N/A |   N/A | 100.0 | 1073.0
       Dungeon |  92.3 |  92.3 |   N/A |   N/A |  97.7 | 1143.6
       Ossuary |   7.7 |   7.7 |   N/A |   N/A |   2.3 | 296.0
               +-------+-------+-------+-------+-------+----------------------

Vault maps used:
D:1:      lightli_arrival_boilingwater, minmay_misc_feat_hallway
D:2:      bloody_makhleb, lemuel_doored_altar, uniq_sigmund
D:3:      nicolae_ru_awakened_eye, nicolae_overflow_crystal_walls
D:4:      first_bread, uniq_ijyb
D:5:      serial_shops, nicolae_shop_temple_entry_statues_fountains,
          uniq_edmund, uniq_blork_the_orc, uniq_crazy_yiuf_cottage
D:6:      kennysheep_mini_moat, marbit_many_paths, old_standard_altar,
          nrook_mini_backslash, uniq_pikel
D:7:      minmay_temple_entry_nine_rooms
D:8:      enter_ossuary_5, uniq_maurice, uniq_gastronok, uniq_grum
D:9:      eat_drink_and_be_merry_uskayaw
D:10:     due_lair_maze_entry_diamond, david_orc_5
D:11:     uniq_fannar, uniq_erolcha
Ossuary:  ossuary_minmay_tomb_2a
